[Event "ONJK U25"]
[Site "Enschede, Netherlands"]
[Date "2022.08.11"]
[Round "5.4"]
[White "Gesthuizen, Ward"]
[Black "Van Iersel, Yorn"]
[Result "1/2-1/2"]
[TimeControl "90min + 30sec/move"]
[WhiteElo "1600"]
[BlackElo "1419"]

1. d4 d5 2. c4 c6 3. Nc3 Nf6 4. Bg5 dxc4 5. a4 Qa5 6. Bxf6 exf6 7. e3 Bb4 8. Qc1 Be6 9. Nf3 O-O 10. Be2 c5 11. O-O cxd4 12. Nxd4 Bxc3 13.
bxc3 Qc5 14. Qb2 b6 15. a5 Nd7 16. Rfd1 Rfd8 17. Nxe6 fxe6 18. Rxd7 Rxd7 19. axb6 Rb8 20. bxa7 Qxa7 21.
Rxa7 Rxb2 22. Rxd7 Rxe2 23. Kf1 Rc2 24. h4 h5 25. g3 Rxc3 26. Rc7 e5 27. Ke1 Rc2 28. Rd7 c3 29. Rc7 Kh7 30.
e4 Kh6 31. Rc6 Kg6 32. Rc7 Kh6 1/2-1/2

[Event "ONJK U25"]
[Site "Enschede, Netherlands"]
[Date "2022.08.11"]
[Round "5.5"]
[White "Van Randtwijk, Mick"]
[Black "Kruimer, Matthias"]
[Result "1-0"]
[TimeControl "90min + 30sec/move"]
[WhiteElo "2057"]
[BlackElo "1766"]

1. e4 e5 2. Nf3 Nc6 3. Bb5 a6 4. Ba4 Nf6 5. d3 b5 6. Bb3 Bc5 7. Nc3 d6 8. Bg5 h6 9. Bxf6 Qxf6 10.
Nd5 Qd8 11. c3 O-O 12. O-O Ba7 13. a4 Kh8 14. Ne3 Ne7 15. axb5 axb5 16. d4 f6 17. Nh4 c6 18. Qf3 Bd7 19.
Rfd1 Qc8 20. h3 g5 21. Qh5 Kg7 22. Nf3 Ng6 23. Nh2 Nf4 24. Qf3 Bb6 25. Rxa8 Qxa8 26. Nhf1 exd4 27. cxd4 f5 28.
exf5 c5 29. Qxa8 Rxa8 30. dxc5 Bxc5 31. Kh2 Re8 32. g3 Ne2 33. Bd5 Nd4 34. b4 Bb6 35. g4 Rc8 36. Be4 Bc6 37. Ng3 Bxe4 38.
Nxe4 Rc6 39. Nd5 Nc2 40. Nxb6 Rxb6 41. Rxd6 Rb7 42. Rg6+ Kf8 43. Nc5 Ra7 44. Ne6+ Ke8 45. Rg8+ 1-0

[Event "ONJK U25"]
[Site "Enschede, Netherlands"]
[Date "2022.08.11"]
[Round "5.6"]
[White "Andringa, Jibbe"]
[Black "Yee, Fong You"]
[Result "1/2-1/2"]
[TimeControl "90min + 30sec/move"]
[WhiteElo "1000"]
[BlackElo "981"]

1. d4 d5 2. Bf4 g6 3. Nf3 Bg7 4. e3 Nc6 5. c4 e6 6. Nc3 Nge7 7. Bd3 a6 8. O-O O-O 9. Ne5 f6 10.
Nxc6 bxc6 11. Rc1 g5 12. Bg3 f5 13. Be5 Bf6 14. Qh5 Ng6 15. Bxf6 Qxf6 16. cxd5 cxd5 17. Na4 Rb8 18. Rxc7 Rf7 19.
Rfc1 Bd7 20. Nc5 Nf8 21. Nxd7 Rxd7 22. Rxd7 Nxd7 23. g4 h6 24. gxf5 Rxb2 25. Rc2 Rxc2 26. Bxc2 exf5 27. Bb3 Qe6 28.
Qf3 Nf6 29. Qg2 Kg7 30. h4 g4 31. f3 Qxe3+ 32. Qf2 Qf4 33. fxg4 Qxg4+ 34. Qg2 Qxg2+ 35. Kxg2 Kg6 36. Kg3 Ne4+ 37.
Kf4 Nc3 38. Bc2 Nxa2 39. Bxf5+ Kf6 40. Bc8 a5 41. Kg4 a4 42. Bf5 a3 43. Bc2 Nc3 44. Bb3 a2 45. Bxa2 Nxa2 46. Kh5 Kg7 47.
Kg4 Nc1 48. Kf5 Nb3 49. Ke5 Kg6 50. Kxd5 Nxd4 51. Kxd4 1/2-1/2

[Event "ONJK U25"]
[Site "Enschede, Netherlands"]
[Date "2022.08.12"]
[Round "6.1"]
[White "Van Randtwijk, Mick"]
[Black "Baselmans, Luuk"]
[Result "0-1"]
[TimeControl "90min + 30sec/move"]
[WhiteElo "2057"]
[BlackElo "2256"]

1. e4 e6 2. d4 d5 3. Nc3 Nf6 4. Bg5 Be7 5. e5 Nfd7 6. h4 h6 7. Bxe7 Qxe7 8. Qd2 a6 9. Nce2 c5 10.
c3 Nc6 11. Nf3 b5 12. Nf4 Bb7 13. Bd3 Nb6 14. Nh5 O-O-O 15. Rh3 Nc4 16. Bxc4 dxc4 17. Nxg7 cxd4 18. cxd4 Nb4 19. Qc3 Rhg8 20.
Nh5 Rxg2 21. Nf6 Nd3+ 22. Kd2 Nxf2 0-1

[Event "ONJK U25"]
[Site "Enschede, Netherlands"]
[Date "2022.08.12"]
[Round "6.2"]
[White "Merkon, Oseb"]
[Black "Nijdam, Brian"]
[Result "1/2-1/2"]
[TimeControl "90min + 30sec/move"]
[WhiteElo "1954"]
[BlackElo "1749"]

1. c4 e5 2. Nc3 Nf6 3. e4 Bb4 4. Nd5 a5 5. a3 Bc5 6. d3 c6 7. Ne3 d5 8. Qc2 O-O 9. cxd5 Bxe3 10.
Bxe3 cxd5 11. Bg5 Be6 12. Nf3 Nc6 13. Be2 Rc8 14. Qd2 dxe4 15. dxe4 Nxe4 16. Qxd8 Nxd8 17. Bd3 Nc5 18. Bb5 f6 19.
Be3 Nf7 20. b4 axb4 21. axb4 Ne4 22. O-O Nfd6 23. Bd3 Bc4 24. Rfd1 Bxd3 25. Rxd3 Nc4 26. h3 Rfd8 27. Rad1 Ned6 28.
Rd5 Nf7 29. Rxd8+ Rxd8 30. Rc1 b5 31. Kf1 Nfd6 32. Ke2 Nxe3 33. fxe3 Nc4 34. Ra1 Rd7 1/2-1/2

[Event "ONJK U25"]
[Site "Enschede, Netherlands"]
[Date "2022.08.12"]
[Round "6.3"]
[White "Boudry, William"]
[Black "Gesthuizen, Ward"]
[Result "1-0"]
[TimeControl "90min + 30sec/move"]
[WhiteElo "2115"]
[BlackElo "1600"]

1. e4 c6 2. Nf3 d5 3. d3 dxe4 4. dxe4 Qxd1+ 5. Kxd1 Bg4 6. Be2 Nd7 7. Ne1 Bxe2+ 8. Kxe2 e5 9. Nd3 h6 10.
Be3 Ngf6 11. f3 Bd6 12. Nd2 O-O-O 13. a4 Kb8 14. Nc4 Bc7 15. a5 b5 16. Nd2 a6 17. Nb3 Bd6 18. Rhd1 Rc8 19.
Bc5 Kc7 20. Nb4 Nxc5 21. Nxc5 Rcd8 22. Nbxa6+ Kc8 23. b4 g5 24. Ra3 Nh5 25. g3 g4 26. Rad3 Be7 27. Rd7 gxf3+ 28. Kxf3 Rxd7 29. Rxd7 Bg5 30. Ra7 Rh7 31. Ra8# 1-0

[Event "ONJK U25"]
[Site "Enschede, Netherlands"]
[Date "2022.08.12"]
[Round "6.4"]
[White "Van Roon, Sjoerd"]
[Black "Van Iersel, Yorn"]
[Result "1-0"]
[TimeControl "90min + 30sec/move"]
[WhiteElo "2310"]
[BlackElo "1419"]

1. e4 e5 2. Nf3 Nc6 3. Bb5 a6 4. Ba4 Nf6 5. O-O b5 6. Bb3 Bc5 7. Re1 d6 8. c3 Bb6 9. d4 h6 10.
dxe5 Ng4 11. Nd4 Nxd4 12. cxd4 dxe5 13. h3 Nf6 14. dxe5 Qxd1 15. Bxd1 Nd7 16. e6 fxe6 17. Bh5+ Ke7 18.
Nc3 Nf6 19. Bf3 Bb7 20. Bf4 Rhg8 21. a4 b4 22. Nb1 g5 23. Bg3 Rad8 24. a5 Bd4 25. Ra2 e5 26. Nd2 Bc8 27. Rc1 Be6 28.
Nc4 h5 29. b3 Bxc4 30. Rxc4 c5 31. Rc1 h4 32. Bh2 g4 33. hxg4 Nxg4 34. Re2 Rg5 35. Bxg4 Rxg4 36. Kh1 Rh8 37.
f3 Rg3 38. Rc4 Kd6 39. Rd2 Kd7 40. Rxc5 Ke7 41. Rc4 Bc3 42. Rc7+ Kf6 43. Rd6+ Kg5 44. Kg1 Bd4+ 45. Kf1 Rf8 46.
Rg7+ Kf4 47. Ke1 1-0

[Event "ONJK U25"]
[Site "Enschede, Netherlands"]
[Date "2022.08.12"]
[Round "6.5"]
[White "Heskes, Johan"]
[Black "Andringa, Jibbe"]
[Result "1-0"]
[TimeControl "90min + 30sec/move"]
[WhiteElo "1566"]
[BlackElo "1000"]

1. d4 d5 2. c4 e5 3. dxe5 d4 4. Nf3 Nc6 5. a3 Nge7 6. e3 Bg4 7. e6 fxe6 8. exd4 Bxf3 9. Qxf3 Nxd4 10.
Qd1 Nec6 11. Be3 a5 12. Bd3 Qf6 13. O-O Bd6 14. Qh5+ g6 15. Qg5 O-O 16. Qxf6 Rxf6 17. Nc3 Ne5 18.
Bxd4 Rd8 19. f4 Nxd3 20.
Bxf6 Bc5+ 21. Kh1 Nf2+ 22. Rxf2 Rf8 23. Bh4 g5 24. Bg3 Bxf2 25. Bxf2 Rxf4 26. Bg3 Rxc4 27. Re1 b5 28. Nxb5 Rc2 29.
Be5 c6 30. Nd6 Kf8 31. Rf1+ Kg8 32. h3 h5 33. Bc3 g4 34. hxg4 hxg4 35. Kh2 Kh7 36. Kg3 Kg6 37. Rf6+ Kg5 38.
Nf7+ Kh5 39. Rh6# 1-0

[Event "ONJK U25"]
[Site "Enschede, Netherlands"]
[Date "2022.08.12"]
[Round "6.6"]
[White "Nies, Levi"]
[Black "Meulenkolk, Jan-Geert"]
[Result "1-0"]
[TimeControl "90min + 30sec/move"]
[WhiteElo "1570"]
[BlackElo "1681"]

1. e4 c5 2. Nc3 Nc6 3. f4 g6 4. Nf3 Bg7 5. Bc4 e6 6. O-O Nge7 7. Qe1 O-O 8. d3 d5 9. Bb3 Nd4 10.
Nxd4 cxd4 11. Ne2 dxe4 12. dxe4 b5 13. Qh4 a5 14. a4 b4 15. Ng3 Ba6 16. Rf3 Re8 17. f5 exf5 18. Bh6 Nc6 19.
Bg5 Qd7 20. exf5 Ne5 21. Rf4 Bc4 22. Ne4 Bxb3 23. Nf6+ Bxf6 24. Bxf6 Ra6 25. Qxh7+ Kxh7 26. Rh4+ Kg8 27. Rh8# 1-0

[Event "ONJK U25"]
[Site "Enschede, Netherlands"]
[Date "2022.08.13"]
[Round "7.1"]
[White "Baselmans, Luuk"]
[Black "Heskes, Johan"]
[Result "1-0"]
[TimeControl "90min + 30sec/move"]
[WhiteElo "2256"]
[BlackElo "1566"]

1. e4 e5 2. Nf3 f5 3. Nxe5 Qf6 4. d4 d6 5. Nc4 fxe4 6. Nc3 Qg6 7. f3 exf3 8. Qxf3 Qg4 9. Qf2 c6 10.
Bd3 Nf6 11. O-O Be7 12. Re1 Qd7 13. Bg5 O-O 14. Qh4 h6 15. Bxf6 Bxf6 16. Qe4 Qf5 17. Nxd6 Qxe4 18. Rxe4 Nd7 19.
Ne2 Nb6 20. Rf1 Rd8 21. Ne8 Nd7 22. c3 b5 23. Nf4 Bb7 24. Nd6 Rdb8 25. Ne6 c5 26. Nxb7 Rxb7 27. dxc5 Rc8 28. Rf5 a6 29.
a4 Nf8 30. Rd5 Nxe6 31. Rxe6 Be7 32. c6 Rbc7 33. axb5 axb5 34. Bxb5 Rf8 35. b4 Bf6 36. Re3 Ra7 37. Rd1 Bd8 38.
Rf3 Bb6+ 39. Kf1 Rb8 40. Bc4+ Kh7 41. Rf7 Rxf7+ 42. Bxf7 Rf8 43. Rd7 g5 44. Ke2 Kg7 45. Bd5+ Kf6 46.
Rb7 Bg1 47. h3 Bh2 48. Kd3 Ke5 49. Rd7 Rc8 50. b5 Bg1 51. Bf3 Bb6 52. Rb7 Bg1 53. c7 Kd6 54. b6 1-0

[Event "ONJK U25"]
[Site "Enschede, Netherlands"]
[Date "2022.08.13"]
[Round "7.2"]
[White "Boudry, William"]
[Black "Merkon, Oseb"]
[Result "1-0"]
[TimeControl "90min + 30sec/move"]
[WhiteElo "2115"]
[BlackElo "1954"]

1. d4 Nf6 2. Nf3 g6 3. g3 Bg7 4. Bg2 O-O 5. O-O d6 6. b3 Nc6 7. Bb2 Nd7 8. Qc1 e5 9. dxe5 Ndxe5 10. Nxe5 Nxe5 11. c4 Rb8 12. Nc3 Be6 13. Qd2 Qd7 14. Nd5 Bxd5 15. cxd5 c5 16. dxc6 Nxc6 17. Bxg7 Kxg7 18. Rfd1 Rfd8 19.
Qb2+ f6 20. Rd2 Ne5 21. Rad1 b5 22. Rc1 Rdc8 23. Rdc2 a5 24. h3 b4 25. Qd4 Nf7 26. Rc4 Rxc4 27. Qxc4 Qb5 28. Qc7 Re8 29.
Bc6 Qxe2 30. Bxe8 Qxe8 31. Qxa5 Ng5 32. h4 Nf3+ 33. Kg2 Qe4 34. Qa7+ Kh6 35. Qe3+ 1-0

[Event "ONJK U25"]
[Site "Enschede, Netherlands"]
[Date "2022.08.13"]
[Round "7.3"]
[White "Nijdam, Brian"]
[Black "Van Roon, Sjoerd"]
[Result "0-1"]
[TimeControl "90min + 30sec/move"]
[WhiteElo "1749"]
[BlackElo "2310"]

1. d4 d5 2. Nc3 Nf6 3. Bf4 a6 4. e3 Bf5 5. f3 Bg6 6. g4 e6 7. h4 h6 8. Bd3 Bxd3 9. cxd3 c5 10.
dxc5 Bxc5 11. d4 Bd6 12. Nge2 Nc6 13. Kf2 b5 14. Rc1 Rc8 15. Bxd6 Qxd6 16. Nf4 Ne7 17. g5 Nd7 18. Qg1 h5 19.
g6 f6 20. Qg2 Rh6 21. Qh3 Nf8 22. Nfxd5 exd5 23. Ne4 Qd7 24. Rxc8+ Nxc8 25. Nxf6+ gxf6 26. g7 Qxh3 27. Rxh3 Ne7 28.
gxf8=R+ Kxf8 29. e4 Kf7 30. Rh1 Rh8 31. Ke3 Rc8 32. Kd3 b4 33. Re1 a5 34. Re2 a4 35. a3 b3 36. Rg2 Ng6 37.
Rh2 Nf4+ 38. Ke3 Rc2 39. Rd2 Ng2+ 0-1

[Event "ONJK U25"]
[Site "Enschede, Netherlands"]
[Date "2022.08.13"]
[Round "7.4"]
[White "Van Iersel, Yorn"]
[Black "Van Randtwijk, Mick"]
[Result "0-1"]
[TimeControl "90min + 30sec/move"]
[WhiteElo "1419"]
[BlackElo "2057"]

1. e4 c5 2. Nf3 d6 3. d4 cxd4 4. Nxd4 Nf6 5. Nc3 a6 6. Be3 e5 7. Nf3 Be7 8. Qd2 O-O 9. O-O-O Qc7 10.
Bg5 Nbd7 11. Nh4 g6 12. Bh6 Rd8 13. Nf5 Bf8 14. Bxf8 Nxf8 15. g4 Bxf5 16. gxf5 Rac8 17. Kb1 d5 18.
exd5 Nxd5 19. Nxd5 Rxd5 20. Qc1 Rxd1 21. Qxd1 gxf5 22. Bh3 Rd8 23. Qh5 f4 24. Bf5 Ng6 25. Rg1 Qe7 26. Be4 Rd4 27.
Qe2 Qd7 28. a3 f5 29. Bd3 e4 30. Bc4+ Kg7 31. Bb3 b5 32. Kc1 Qe7 33. Qh5 e3 34. Qe2 Rd2 35. Qe1 Rxf2 36. Qc3+ Kh6 37.
Qd4 Qg5 38. Rxg5 Rf1+ 39. Qd1 e2 40. Qe1 Rxe1+ 41. Kd2 Kxg5 42. Kxe1 f3 43. Bd5 Nh4 44. Bxf3 Nxf3+ 0-1

[Event "ONJK U25"]
[Site "Enschede, Netherlands"]
[Date "2022.08.13"]
[Round "7.5"]
[White "Gesthuizen, Ward"]
[Black "Kruimer, Matthias"]
[Result "0-1"]
[TimeControl "90min + 30sec/move"]
[WhiteElo "1600"]
[BlackElo "1766"]

1. d4 Nf6 2. c4 g6 3. Nc3 Bg7 4. e4 d6 5. Nf3 O-O 6. Bg5 h6 7. Be3 Ng4 8. Bf4 f5 9. Bd2 e5 10.
d5 a5 11. g3 Na6 12. h3 fxe4 13. Nxe4 Nf6 14. Nc3 Nc5 15. g4 Nfe4 16. Nxe4 Nxe4 17. Be3 Qf6 18. Bg2 Nxf2 19. Bxf2 e4 20.
Bd4 Qf4 21. O-O exf3 22. Bxg7 f2+ 23. Kh1 Kxg7 24. Qc2 Qg3 25. Rad1 Bxg4 26. Rd3 Bf5 27. Qc3+ Qe5 28. Qxe5+ dxe5 29.
Re3 Rae8 30. Rxf2 Bxh3 31. Rd2 Bxg2+ 32. Kxg2 Rf6 33. c5 Kf7 34. Rb3 b6 35. d6 cxd6 36. cxb6 Rb8 37. Rc2 Ke6 38.
Rc6 Rf7 39. Rd3 Rd7 40. Rg3 g5 41. Rh3 Kd5 42. Rc2 Rxb6 43. Rxh6 Rdb7 44. Rd2+ Ke4 45. b3 d5 46. Rh5 a4 47.
Rxg5 axb3 48. axb3 Rxb3 49. Re2+ Re3 50. Rg4+ Kd3 51. Ra2 Re2+ 52. Rxe2 Kxe2 53. Rg5 Re7 54. Rg4 e4 55. Kg3 d4 56.
Rf4 Rg7+ 57. Kh3 Ke3 58. Rf1 d3 59. Re1+ Kf3 60. Rh1 Rh7 0-1

[Event "ONJK U25"]
[Site "Enschede, Netherlands"]
[Date "2022.08.13"]
[Round "7.6"]
[White "Andringa, Jibbe"]
[Black "Nies, Levi"]
[Result "0-1"]
[TimeControl "90min + 30sec/move"]
[WhiteElo "1000"]
[BlackElo "1570"]

1. d4 d5 2. Bf4 Nf6 3. Nf3 c5 4. e3 Nc6 5. c3 Bf5 6. Nbd2 e6 7. Bb5 Qb6 8. Qb3 Rc8 9. Ne5 Be7 10.
h3 h6 11. O-O O-O 12. Bxc6 bxc6 13.
a4 cxd4 14. exd4 c5 15. a5 Qa6 16. Qa4 cxd4 17. Qxd4 Ne4 18. Nxe4 Bxe4 19. Ng4 Rc4 20. Qd2 Rfc8 21. Ne3 R4c5 22.
Nc2 Bxc2 23. Qxc2 Rxa5 24. Rxa5 Qxa5 25. Be3 Bf6 26. Rd1 Qa2 27. Bd4 e5 28. Be3 d4 29. f4 dxe3 30. fxe5 Bxe5 31. Qf5 Qe6 32. Qe4 Bh2+ 33.
Kxh2 Qxe4 0-1